 Dungeon Crawl Stone Soup version 0.19-a0-1907-gcff654f (webtiles) character file.

65 JeffiDaFish the Skirmisher (level 4, -1/41 HPs)
             Began as a Hill Orc Fighter on Oct 21, 2016.
             Slain by YoMomma's ghost (6 damage)
             ... on level 3 of the Dungeon.
             The game lasted 00:06:51 (1058 turns).

JeffiDaFish the Skirmisher (Hill Orc Fighter)       Turns: 1058, Time: 00:06:52

Health: -1/41      AC: 11    Str: 22 (24) XL:     4   Next: 14%
Magic:  4/4        EV:  4    Int:  7 (8)  God:
Gold:   165        SH:  9    Dex:  8 (10) Spells: 1 memorised, 2 levels left

rFire  . . .     SeeInvis .     a - +1 trident
rCold  . . .     Gourm    .     e - +0 plate armour
rNeg   . . .     Faith    .     c - +0 shield
rPois  .         Spirit   .     (no helmet)
rElec  .         Reflect  .     (no cloak)
rCorr  .         Harm     .     (no gloves)
MR     .....                    (no boots)
Stlth  ..........               (no amulet)
                                (no ring)
                                h - ring of stealth

@: mighty
A: no striking features
a: no special abilities


You were on level 3 of the Dungeon.
You were not hungry.

You visited 1 branch of the dungeon, and saw 3 of its levels.

You collected 165 gold pieces.

Inventory:

Hand Weapons
 a - a +1 trident (weapon)
Armour
 c - a +0 shield (worn)
 e - a +0 plate armour (worn)
Jewellery
 h - a ring of stealth (left hand)
Wands
 i - a wand of lightning (11/15)
Scrolls
 l - a scroll of teleportation
Books
 k - a book of Misfortune

   Spells                             Type                      Level
   a - Confusing Touch                Hexes                        1
   b - Confuse                        Hexes                        3
   c - Gell's Gravitas                Hexes/Translocation          3
   d - Petrify                        Transmutation/Earth          4
   e - Metabolic Englaciation         Hexes/Ice                    5
   f - Yara's Violent Unravelling     Hexes/Transmutation          5
Comestibles
 b - a meat ration
 f - a bread ration
 g - 2 chunks of flesh


   Skills:
 + Level 4.3 Fighting
 + Level 3.0 Polearms
 + Level 3.7 Armour
 + Level 3.7 Shields
 * Level 0.2 Spellcasting
 + Level 0.2 Hexes


You had 2 spell levels left.
You knew the following spells:

 Your Spells              Type           Power        Failure   Level  Hunger
a - Confusing Touch       Hex            #.....       100%        1    ##.....


Dungeon Overview and Level Annotations

Branches:
Dungeon (3/15)

Altars:
Zin

Annotations:
D:3 YoMomma's ghost, amateur GrFi


Message History

You are too injured to fight recklessly!
You are too injured to fight recklessly!
Your plate armour prevents you from hitting YoMomma's ghost.
YoMomma's ghost is heavily damaged.
You block YoMomma's ghost's attack.
You hit YoMomma's ghost.
YoMomma's ghost is heavily damaged.
You block YoMomma's ghost's attack.
YoMomma's ghost hits you but does no damage.
You hit YoMomma's ghost but do no damage.
YoMomma's ghost is heavily damaged.
YoMomma's ghost hits you!
* * * LOW HITPOINT WARNING * * *
Sorry, you're not good enough to have a special ability.
You feel very mighty all of a sudden. You block YoMomma's ghost's attack.
You closely miss YoMomma's ghost.
YoMomma's ghost is heavily damaged.
YoMomma's ghost hits you.
You die...

#.......##........#
#........#........#
#.................##
###.#..###.#.....#..###
...........##....##...##
...........####........#
.................=......
..........######.......#
......W@...............#
..........######.......#
..........# #########
...######## ##


You could see YoMomma's ghost.

Vanquished Creatures
  2 adders (D:2)
  A dart slug (D:1)
  A leopard gecko (D:1)
  A giant cockroach (D:2)
  3 goblins
  5 hobgoblins
  3 jackals (D:1)
  2 kobolds
  2 ball pythons
  13 bats
  A frilled lizard (D:1)
  10 rats
44 creatures vanquished.

Notes
Turn   | Place    | Note
-------+----------+-------------------------------------------
     0 | D:1      | JeffiDaFish the Hill Orc Fighter began the quest for the Orb.
     0 | D:1      | Reached XP level 1. HP: 19/19 MP: 1/1
    93 | D:1      | Reached skill level 4 in Fighting
    93 | D:1      | Reached XP level 2. HP: 27/27 MP: 2/2
   270 | D:1      | Reached XP level 3. HP: 30/33 MP: 3/3
   790 | D:2      | Learned a level 1 spell: Confusing Touch
   863 | D:2      | Reached XP level 4. HP: 41/41 MP: 4/4
   874 | D:2      | Found a glowing silver altar of Zin.
   874 | D:2      | Found a faded altar of an unknown god.
   879 | D:2      | Found a faded altar of an unknown god.
   883 | D:2      | Found a faded altar of an unknown god.
   885 | D:2      | Found a faded altar of an unknown god.
  1036 | D:3      | Noticed YoMomma's ghost (amateur GrFi)
  1058 | D:3      | Slain by YoMomma's ghost

Vault maps used:
D:1:      sevenhm_arrival_forest_fort_small_3
D:2:      chequers_temple_overflow_minitemple
D:3:      lemuel_doored_altar

Skill      XL: |  1  2  3 |
---------------+----------+-----
Fighting       | 4 |  4.3
Polearms       | 3 |  3.0
Armour         | |  3.7
Shields        | |  3.7
Spellcasting   | |  0.2
Hexes          | |  0.2

Action                   |  1- 3 |  4- 6 || total
-------------------------+-------+-------++-------
Melee: Trident           |   160 |    22 ||   182
  Use: Scroll            |     8 |     2 ||    10
       Potion            |     2 |     2 ||     4
  Eat: Chunk             |       |     1 ||     1
Armor: Scale mail        |    17 |       ||    17
       Plate armour      |    92 |    10 ||   102
Dodge: Dodged            |    22 |     2 ||    24
Block: Shield            |    96 |    12 ||   108
